 Dungeon Crawl Stone Soup version 0.26-a0-1222-g14533b3512 (webtiles) character file.

Game seed: 2661126384877130628

960115 CurlyBrace the Eviscerator (level 27, -12/175 (179) HPs)
             Began as a Felid Delver on Dec 31, 2020.
             Was the Champion of Cheibriados.
             Blown up by a cacodemon (20 damage)
             ... with a bolt of energy
             ... summoned by a shadow demon
             ... led by Gloorx Vloq
             ... in Pandemonium on Jan 4, 2021.
             The game lasted 11:59:11 (26711 turns).

CurlyBrace the Eviscerator (Felid Delver)          Turns: 26711, Time: 11:59:12

HP:   -12/175 (179) AC: 33    Str: 26    XL:     27
MP:   5/49          EV: 44    Int: 43    God:    Cheibriados [******]
Gold: 558           SH:  0    Dex: 41    Spells: 0/69 levels left
                                        Lives: 0   Deaths: 6

rFire    + . .     SeeInvis +     - Unarmed
rCold    + . .     Faith    .   (shield unavailable)
rNeg     + . .     Spirit   .   (armour unavailable)
rPois    ∞         Reflect  .   (helmet unavailable)
rElec    +         Harm     .   (cloak unavailable)
rCorr    .         Rampage  .   (gloves unavailable)
Will     +++++     Clarity  +   (boots unavailable)
Stlth    ++++......             C - amulet "Beafan" {RegenMP Str+3 Int+4 Dex+4}
HPRegen  0.39/turn              o - ring of Dyiva {rF+ Will++ Slay+4}
MPRegen  0.56/turn              V - ring of Fathaif {+Fly rC+}

@: statue-form, weakened, contaminated, glowing, studying 2 skills, lightly
drained, invisible (but backlit and visible), very slow
A: very small, no armour, no weapons or thrown items, stealth, claws 1, fangs 3,
horns 1, thin skeletal structure 1, see invisible, agile 1, clarity, sense
surroundings 1, electricity resistance, [no potion heal 2], sharp paws
}: 13/15 runes: decaying, serpentine, slimy, silver, golden, iron, obsidian,
icy, bone, demonic, glowing, magical, dark
a: End Transformation, Renounce Religion, Evoke Flight, Bend Time, Temporal
Distortion, Slouch, Step From Time


You were in Pandemonium.
You worshipped Cheibriados.
Cheibriados was exalted by your worship.
You were a stone statue.
You visited 17 branches of the dungeon, and saw 81 of its levels.
You visited Pandemonium 1 time, and saw 10 of its levels.
You visited 1 ziggurat, and saw 9 of its levels.
You also visited: Ossuary, Ice Cave, Volcano, Wizlab and Desolation.

You collected 7729 gold pieces.
You spent 7171 gold pieces at shops.

Inventory:

Jewellery
 b - the amulet of Ephemeral Luck {Spirit rElec Str+2 Dex+4 Stlth+}
   (You bought it in a shop on level 2 of the Orcish Mines)

   [amulet of guardian spirit]

   It causes incoming damage to be split between your health and magic.
   It affects your strength (+2).
   It affects your dexterity (+4).
   It insulates you from electricity.
   It makes you more stealthy.
 c - an uncursed ring of protection from cold
   (You found it on level 3 of the Elven Halls)
 e - a ring of the Octopus King {AC+1 EV+1 Str+1 Int+1 Dex+1 Stlth+}
   (You found it on level 3 of the Elven Halls)

   [ring of stealth]

   It affects your AC (+1).
   It affects your evasion (+1).
   It affects your strength (+1).
   It affects your intelligence (+1).
   It affects your dexterity (+1).
   It makes you more stealthy.
 f - an uncursed ring of protection from fire
   (You found it on level 5 of the Vaults)
 k - the ring of Faqume {Will+ Int+10 Dex-4}
   (You found it on level 7 of the Iron City of Dis)

   [ring of willpower]

   It affects your intelligence (+10).
   It affects your dexterity (-4).
   It affects your willpower, your defense against some magical effects.
 o - the ring of Dyiva (left paw) {rF+ Will++ Slay+4}
   (You took it off a deep elf blademaster on level 3 of the Elven Halls)

   [ring of slaying]

   It affects your accuracy and damage with ranged weapons and melee attacks
   (+4).
   It protects you from fire.
   It affects your willpower, your defense against some magical effects.
 p - the ring of Fallacy {Fire rN++}
   (You found it on level 7 of Tartarus)

   [ring of fire]

   It enhances your fire magic.
   It protects you from fire.
   It makes you vulnerable to cold.
   It greatly protects you from negative energy.
 s - the ring of Doisak {+Inv EV-4 Int+3}
   (You bought it in a shop on level 2 of the Orcish Mines)

   [ring of evasion]

   It affects your evasion (-4).
   It affects your intelligence (+3).
   It lets you turn invisible.
 C - the amulet "Beafan" (around neck) {RegenMP Str+3 Int+4 Dex+4}
   (You found it in the Desolation of Salt)

   [amulet of magic regeneration]

   It increases your magic regeneration.
   It affects your strength (+3).
   It affects your intelligence (+4).
   It affects your dexterity (+4).
 F - an uncursed amulet of regeneration
   (You found it on level 3 of the Elven Halls)
 G - the ring "Riss" {+Fly Int+4 Stlth+}
   (You found it on level 5 of the Pits of Slime)

   [ring of flight]

   It affects your intelligence (+4).
   It lets you fly.
   It makes you more stealthy.
 N - the ring "Ywkipn" {rCorr Dex+2}
   (You found it on level 5 of the Pits of Slime)

   [ring of resist corrosion]

   It affects your dexterity (+2).
   It provides partial protection from all sources of acid and corrosion.
 O - the ring of Onoatoc {*Corrode Str+9 Dex+4 Stlth+}
   (You took it off a deep elf mage on level 3 of the Elven Halls)

   [ring of stealth]

   It affects your strength (+9).
   It affects your dexterity (+4).
   It may corrode you when you take damage.
   It makes you more stealthy.
 R - the ring of Ufenkeef {Wiz Str+2 Int+2 Stlth+}
   (You acquired it on level 5 of the Vaults)

   [ring of wizardry]

   It improves your spell success rate.
   It affects your strength (+2).
   It affects your intelligence (+2).
   It makes you more stealthy.
 V - the ring of Fathaif (right paw) {+Fly rC+}
   (You found it on level 6 of the Lair of Beasts)

   [ring of flight]

   It protects you from cold.
   It lets you fly.
 Z - a +6 ring of intelligence
   (You found it on level 1 of the Dungeon)
Wands
 d - a wand of disintegration (23)
   (You found it in Pandemonium)
 g - a wand of flame (54)
   (You found it on level 5 of the Vaults)
 v - a wand of digging (11)
   (You found it in a wizard's laboratory)
 K - a wand of acid (6)
   (You found it on level 4 of the Snake Pit)
 Q - a wand of iceblast (23)
   (You found it on level 4 of the Swamp)
 S - a wand of paralysis (12)
   (You found it on level 3 of the Vaults)
Scrolls
 a - a scroll of fog
 h - 3 scrolls of holy word
 r - a scroll of identify
 t - a scroll of teleportation
 u - 3 scrolls of vulnerability
 x - 16 scrolls of remove curse
 y - 2 scrolls of fear
 E - 3 scrolls of magic mapping
 J - 2 scrolls of immolation
Potions
 i - a potion of magic
 j - 11 potions of brilliance
 l - 3 potions of lignification
 m - a potion of ambrosia
 n - a potion of resistance
 q - 3 potions of curing
 A - a potion of cancellation
 W - 3 potions of attraction
 Y - 2 potions of flight
Books
 w - a manual of Fire Magic
   (You found it on level 4 of Gehenna)
 T - a manual of Poison Magic
   (You found it on level 3 of the Tomb of the Ancients)
Miscellaneous
 B - a condenser vane
   (You found it on level 3 of the Elven Halls)
 D - a phantom mirror (inert)
   (You found it on level 11 of the Dungeon)
 H - a phial of floods
   (You found it on level 3 of the Elven Halls)
 I - a tin of tremorstones (2/2)
   (You found it on level 3 of the Elven Halls)
 L - a lightning rod (4/4)
   (You found it in the Desolation of Salt)
 M - a box of beasts
   (You found it on level 5 of the Lair of Beasts)


   Skills:
 - Level 22.0 Fighting
 - Level 20.0 Dodging
 - Level 20.0 Stealth
 - Level 22.0 Unarmed Combat
 + Level 21.7 Spellcasting
 - Level 3.0 Conjurations
 - Level 12.0 Hexes
 - Level 1.0 Summonings
 * Level 18.8 Necromancy
 - Level 5.0 Translocations
 - Level 14.0 Transmutations
 - Level 3.0 Ice Magic
 - Level 22.0 Earth Magic
 - Level 10.0 Invocations
 - Level 8.0 Evocations


You couldn't memorise any spells.
You knew the following spells:

 Your Spells              Type           Power        Failure   Level
a - Apportation           Tloc           100%         1%          1
b - Blink                 Tloc           N/A          1%          2
c - Passwall              Tmut/Erth      96%          0%          2
d - Lesser Beckoning      Tloc           37%          1%          3
e - Petrify               Tmut/Erth      100%         0%          4
f - Passage of Golubria   Tloc           N/A          1%          4
g - Irradiate             Conj/Tmut      44%          1%          5
h - Borgnjor's Vile Clut  Necr/Erth      61%          0%          5
i - Lee's Rapid Deconstr  Erth           62%          0%          5
j - Invisibility          Hex            99%          1%          6
k - Statue Form           Tmut/Erth      77%          1%          6
l - Necromutation         Tmut/Necr      56%          3%          8
m - Shatter               Erth           62%          5%          9
n - Death's Door          Necr           59%          19%         9

Your spell library contained the following spells:

 Spells                   Type           Power        Failure   Level
 Animate Skeleton         Necr           100%         0%          1
 Beastly Appendage        Tmut           100%         0%          1
 Corona                   Hex            100%         0%          1
 Pain                     Necr           100%         0%          1
 Sandblast                Erth           100%         0%          1
 Corpse Rot               Necr/Air       N/A          0%          2
 Slow                     Hex            99%          0%          2
 Wereblood                Tmut           100%         0%          2
 Confusing Touch          Hex            99%          0%          3
 Stone Arrow              Conj/Erth      100%         0%          3
 Tukima's Dance           Hex            99%          0%          3
 Vampiric Draining        Necr           59%          0%          3
 Animate Dead             Necr           59%          0%          4
 Dispel Undead            Necr           100%         0%          4
 Leda's Liquefaction      Hex/Erth       57%          0%          4
 Agony                    Necr           100%         0%          5
 Foxfire                  Conj/Fire      100%         1%          1
 Freeze                   Ice            100%         1%          1
 Magic Dart               Conj           100%         1%          1
 Sting                    Tmut/Pois      100%         1%          1
 Summon Small Mammal      Summ           100%         1%          1
 Call Imp                 Summ           53%          1%          2
 Ensorcelled Hibernation  Hex/Ice        100%         1%          2
 Poisonous Vapours        Pois/Air       92%          1%          2
 Searing Ray              Conj           100%         1%          2
 Swiftness                Air            46%          1%          2
 Call Canine Familiar     Summ           53%          1%          3
 Conjure Flame            Conj/Fire      56%          1%          3
 Dazzling Flash           Conj/Hex       100%         1%          3
 Frozen Ramparts          Ice            100%         1%          3
 Gell's Gravitas          Tloc           37%          1%          3
 Ignite Poison            Fire/Tmut/Pois 72%          1%          3
 Inner Flame              Hex/Fire       78%          1%          3
 Mephitic Cloud           Conj/Pois/Air  53%          1%          3
 Ozocubu's Armour         Ice            64%          1%          3
 Spider Form              Tmut/Pois      41%          1%          3
 Static Discharge         Conj/Air       56%          1%          3
 Summon Guardian Golem    Hex/Summ       80%          1%          3
 Teleport Other           Tloc           74%          1%          3
 Cause Fear               Hex            49%          1%          4
 Fulminant Prism          Conj/Hex       42%          1%          4
 Hailstorm                Conj/Ice       64%          1%          4
 Ice Form                 Ice/Tmut       88%          1%          4
 Iskenderun's Mystic Bla  Conj/Tloc      69%          1%          4
 Summon Ice Beast         Ice/Summ       59%          1%          4
 Alistair's Intoxication  Tmut/Pois      54%          1%          5
 Blade Hands              Tmut           52%          1%          5
 Bolt of Magma            Conj/Fire/Erth 43%          1%          5
 Silence                  Hex/Air        39%          1%          5
 Summon Mana Viper        Hex/Summ       80%          1%          5
 Yara's Violent Unravell  Hex/Tmut       51%          1%          5
 Death Channel            Necr           59%          1%          6
 Hydra Form               Tmut           52%          1%          6
 Iron Shot                Conj/Erth      50%          1%          6
 Simulacrum               Ice/Necr       48%          1%          6
 Dragon Form              Tmut           52%          1%          7
 Borgnjor's Revivificati  Necr           59%          1%          8
 Infestation              Necr           59%          1%          8
 Sticky Flame             Conj/Fire      56%          2%          4
 Summon Lightning Spire   Summ/Air       50%          3%          4
 Iskenderun's Battlesphe  Conj           64%          3%          5
 Summon Forest            Summ/Tloc      32%          3%          5
 Eringya's Noxious Bog    Tmut/Pois      41%          3%          6
 Olgreb's Toxic Radiance  Pois           46%          4%          4
 Fireball                 Conj/Fire      28%          6%          5
 Lightning Bolt           Conj/Air       28%          6%          5
 Haunt                    Necr/Summ      46%          6%          7
 Summon Demon             Summ           26%          8%          5
 Dispersal                Tloc           37%          9%          6
 Lehudib's Crystal Spear  Conj/Erth      50%          17%         8
 Ozocubu's Refrigeration  Ice            32%          19%         6
 Discord                  Hex            49%          21%         8
 Freezing Cloud           Conj/Ice/Air   29%          28%         6
 Conjure Ball Lightning   Conj/Air       28%          34%         6
 Shadow Creatures         Summ           N/A          41%         6
 Malign Gateway           Summ/Tloc      32%          71%         7
 Orb of Destruction       Conj           32%          71%         7
 Spellforged Servitor     Conj/Summ      29%          85%         7
 Monstrous Menagerie      Summ           26%          94%         7
 Summon Greater Demon     Summ           26%          94%         7
 Summon Hydra             Summ           26%          94%         7
 Disjunction              Tloc           37%          98%         8
 Chain Lightning          Conj/Air       28%          100%        8
 Ignition                 Fire           23%          100%        8
 Summon Horrible Things   Summ           26%          100%        8
 Absolute Zero            Ice            32%          100%        9
 Dragon's Call            Summ           26%          100%        9
 Fire Storm               Conj/Fire      28%          100%        9
 Tornado                  Air            23%          100%        9
 Excruciating Wounds      Necr           Unusable     N/A         5
 Portal Projectile        Hex/Tloc       Unusable     N/A         3

Dungeon Overview and Level Annotations

Branches:
Dungeon (15/15)            Temple (1/1) D:6            Lair (6/6) D:9
  Swamp (4/4) Lair:4        Snake (4/4) Lair:4        Slime (5/5) Lair:5
    Orc (2/2) D:11            Elf (3/3) Orc:2        Vaults (5/5) D:14
  Crypt (3/3) Vaults:3       Tomb (3/3) Crypt:3      Depths (3/5) D:15
   Hell (visited)             Dis (7/7) Hell            Geh (7/7) Hell
    Coc (7/7) Hell            Tar (7/7) Hell        Ossuary (visited)
  IceCv (visited)         Volcano (visited)          WizLab (visited)
Desolation (visited)

Altars:
Ashenzari
Cheibriados
Dithmenos
Elyvilon
Gozag
Hepliaklqana
Kikubaaqudgha
Makhleb
Nemelex Xobeh
Qazlal
Ru
Sif Muna
Trog
Uskayaw
Vehumet
Xom
Yredelemnul
Zin
Beogh
Jiyva

Shops:
D:7 !   D:10 !=   D:12 :   Orc:1 !   Orc:2 *=}[   Elf:1 [   Snake:3 [:?[
Vaults:2 *   Vaults:3 ([!:

Portals:
Hell: Depths:1 Depths:2
Pandemonium: Depths:3

Annotations:
D:10 exclusion: obsidian statue
Swamp:3 Mara
Elf:2 exclusion: 2 ice statues
Vaults:2 Acleikk's ghost, adept GrEE
Tomb:2 2 exclusions
Dis:7 Dispater
Geh:7 Asmodeus
Coc:7 Antaeus
Pan Gloorx Vloq


Innate Abilities, Weirdness & Mutations

You cannot wear armour.
You are incapable of wielding weapons or throwing items.
Your paws allow you to move quietly. (Stealth)
You have sharp claws.
You have razor-sharp teeth.
You have supernaturally acute eyesight. (SInv)
((You cover ground quickly.))
((Your thick and shaggy fur keeps you warm. (AC +3, rC+)))
Your sharp claws are effective at attacking unaware monsters.
You have a pair of small horns on your head.
((You are partially covered in icy blue scales. (AC +2)))
((You are partially covered in slimy green scales. (AC +2)))
You have a somewhat thin skeletal structure. (Dex +2, Stealth)
You are agile. (Dex +2)
You possess an exceptional clarity of mind.
You passively map a small area around you.
You are resistant to electric shocks. (rElec)
[Potions are poor at restoring your health.]


Message History

The zombie hands constrict Gloorx Vloq!!
The zombie hands constrict the shadow demon!
You kill the shadow demon!
Cheibriados thoroughly appreciates the change of pace.
The smoke demon disappears in a puff of smoke!
The gelid blood saint dissolves into shadows!
The monstrous corrupter dissolves into shadows!
The deep elf blademaster disappears in a puff of smoke! x2
The deep elf sorcerer disappears in a puff of smoke!
The orange demon dissolves into shadows!
Gloorx Vloq completely misses you. x2
The smoke demon gestures at you. Something smites you!
* * * LOW HITPOINT WARNING * * *
The torturous black sun hits you from afar with a +5 halberd.
* * * LOW HITPOINT WARNING * * *
You feel as though you will be weak longer.
The cacodemon gestures at you. The bolt of energy hits you!!
You die...

, * #....* * ,
*... , # , ...
.#* * .,,, §§$
...
*#.#####'###s...
,
#......6§2§...#
#.......&64...#
,
#......8263.3.#
,
#.#####.###43.#
, #∩# , # , * ,
, #.# .# #.#,
#.# * ,, #.#
,..., ,..
#.###.# * .. *
#.....#.# *
.######.^....#


You could see Gloorx Vloq (black mark, misshapen, clutched), a cacodemon
(summoned, black mark), a torturous black sun (summoned, black mark), a soul
eater (summoned, black mark), a demonic crawler (black mark), a shadow demon
(black mark), a gelid demonspawn (summoned, black mark, icemail), an infernal
demonspawn (summoned, black mark), an orange demon (summoned, black mark), a
hellwing (summoned, black mark) and 2 smoke demons.

Vanquished Creatures
  the Royal Jelly (Slime:5)
  Ereshkigal (Tar:7)
  Mnoleg (Pan)
  3 ancient liches
  the Lernaean hydra (Swamp:4)
  12 royal mummies
  2 Killer Klowns (Zig:6)
  13 shard shrikes
  Saint Roka (Vaults:2)
  Margery (Depths:3)
  Geryon (Hell)
  2 golden dragons
  8 bone dragons
  Jory (Depths:3)
  10 Brimstone Fiends
  10 Tzitzimimeh
  4 doom hounds
  19 Ice Fiends
  The ghost of Qennyv the Wrestler, a veteran VSFi of Gozag (Depths:3)
  6 Hell Sentinels
  6 iron giants (Dis:7)
  A hellephant (Hell)
  Rupert (D:15)
  9 liches
  5 tentacled monstrosities (Pan)
  A shard shrike skeleton (Crypt:2)
  3 titans (Vaults:5)
  Asterion (Elf:1)
  2 deep elf master archers (Elf:3)
  2 deep elf blademasters (Elf:3)
  5 quicksilver dragons
  11 acid blobs
  10 Executioners
  10 sphinxes
  A tentacled starspawn (WizLab)
  2 eldritch tentacles
  15 ancient champions
  Donald (Elf:2)
  2 storm dragons
  A thorn hunter (Swamp:4)
  8 shadow dragons
  2 tengu reavers
  9 nagarajas
  2 fenstrider witches
  4 revenants
  The ghost of rdx the Warrior, an adept DsFi of Hepliaklqana (Swamp:1)
  5 fire giants
  13 azure jellies
  14 vault wardens
  A black sun (Pan)
  4 frost giants
  11 iron dragons
  An orc warlord (Orc:1)
  Aizul (Snake:3)
  10 balrugs
  2 ghost moths (Zig:9)
  A draconian knight (Zig:4)
  An emperor scorpion (Zig:9)
  6 curse skulls
  3 deep elf sorcerers (Elf:3)
  6 cacodemons (Pan)
  3 imperial myrmidons (Desolation)
  5 ghouls
  2 deep elf elementalists
  2 juggernaut zombies (Hell)
  38 reapers
  13 stone giants
  8 very ugly things
  11 ironheart preservers
  2 elemental wellsprings (Coc:7)
  10 vampire knights
  21 war gargoyles
  8 bennus
  2 dire elephants
  7 deep elf demonologists
  A dire elephant (shapeshifter) (Elf:3)
  4 bunyips
  2 lorocyprocas
  3 entropy weavers
  4 halazid warlocks (Desolation)
  A spark wasp (Zig:9)
  7 deep elf annihilators
  An eleionoma (Zig:7)
  Snorg (D:11)
  7 eidola
  6 ettins
  4 crystal guardians
  6 green deaths
  6 deep elf death magi
  11 blizzard demons
  18 mummy priests
  5 death oozes (Slime:5)
  5 quicksilver dragon zombies
  2 fire dragons
  6 great orbs of eyes
  20 jiangshi
  10 ragged hierophants (Desolation)
  4 kraken zombies
  2 deep elf high priests
  10 yaktaur captains
  2 rakshasas
  7 servants of whispers (Desolation)
  Erolcha (D:11)
  3 quicksilver dragon skeletons
  32 vault guards
  2 hell beasts (Pan)
  6 peacekeepers (Desolation)
  30 hydras
  5 anacondas
  A monstrous demonspawn (Pan)
  16 ice dragons
  6 ghost crabs
  The ghost of anet the Thaumaturge, a journeyman DECj of Ashenzari (D:12)
  16 naga warriors (Snake:4)
  2 catoblepae
  The ghost of Mandevil the Fighter, a novice DrTm of Gozag (D:10)
  10 boulder beetles
  A merfolk avatar (Lair:6)
  7 death knights
  11 death yaks
  19 dancing weapons
  39 two-headed ogres
  4 alligators
  8 hell hogs
  4 centaur warriors
  10 vampire magi
  9 ogre magi
  Urug (D:11)
  4 tengu warriors
  45 death scarabs
  6 deep troll earth magi
  3 deep troll shamans
  7 naga sharpshooters
  4 orc high priests (Orc:2)
  10 titan zombies
  26 soul eaters
  4 storm dragon zombies
  4 spriggans (Swamp:4)
  Nergalle (D:10)
  24 deep elf knights
  23 hell knights
  A shock serpent (shapeshifter) (Vaults:5)
  9 iron golems
  17 sun demons
  4 shock serpents
  3 sixfirhies (Pan)
  7 titan skeletons
  134 skeletal warriors
  14 shadow wraiths
  18 iron trolls
  4 ghost moth zombies
  10 anaconda zombies
  7 goliath frogs
  3 spriggan druids
  3 glowing orange brains
  A gelid demonspawn (Depths:3)
  4 salamander mystics
  17 deep trolls
  2 flayed ghosts
  4 golden dragon zombies
  A death drake (Zig:5)
  5 storm dragon skeletons
  12 swamp dragons
  9 shadow demons
  6 unseen horrors
  5 naga ritualists
  3 sea snakes (Snake:1)
  4 bog bodies
  2 harpies (Vaults:2)
  13 ironbrand convokers
  5 shadow dragon zombies
  22 deep elf archers
  A torturous demonspawn (Depths:3)
  18 necromancers
  11 phantasmal warriors
  8 wizards
  5 mana vipers
  An obsidian statue (Vaults:2)
  14 orc knights
  3 wolf spider zombies
  4 orb spiders
  8 anaconda skeletons
  70 deep elf magi
  5 golden dragon skeletons
  5 iron dragon zombies
  A mana viper (shapeshifter) (Depths:2)
  An orb spider (shapeshifter) (Elf:2)
  40 ugly things
  5 wolf spiders
  4 frost giant zombies
  3 will-o-the-wisps
  7 shining eyes
  11 orc sorcerers
  10 stone giant zombies
  12 salamanders
  2 shadow dragon skeletons
  A cyclops (shapeshifter) (D:14)
  4 manticores
  7 iron dragon skeletons
  A tengu skeleton (Elf:2)
  7 fire giant zombies
  4 worldbinders
  A faun (shapeshifter) (Zig:6)
  3 guardian serpents
  34 rust devils
  2 fire giant skeletons
  8 cyclopes
  An eye of devastation (Slime:3)
  3 elephants
  A shock serpent zombie (Dis:5)
  15 vault sentinels
  4 ice statues
  4 frost giant skeletons
  An apocalypse crab (Zig:6)
  6 stone giant skeletons
  8 molten gargoyles
  3 torpor snails
  28 smoke demons
  7 dire elephant zombies
  21 naga magi
  2 gargoyles
  22 black mambas
  A titan simulacrum (Crypt:1)
  9 dire elephant skeletons
  2 orange demons (Pan)
  2 cane toads (shapeshifter)
  19 hellions
  An emperor scorpion zombie (Tar:4)
  A kobold demonologist (D:15)
  A spriggan skeleton (Elf:2)
  13 komodo dragons
  3 shock serpent skeletons
  2 yaktaur zombies (Hell)
  A catoblepas zombie (Dis:7)
  13 cane toads
  8 rime drakes
  37 tormentors
  40 freezing wraiths
  37 ice devils
  2 efreet
  13 demonic crawlers
  3 anaconda simulacra
  3 tengu conjurers
  A yellow draconian zombie (Crypt:1)
  31 yaktaurs
  40 guardian mummies
  An ancient zyme (WizLab)
  10 trolls
  2 golden dragon simulacra
  11 hellwings
  7 harpy zombies
  3 jumping spiders
  12 polar bears
  19 red devils
  8 hornets
  3 silent spectres
  5 harpy skeletons
  9 tyrant leeches
  A shadow dragon simulacrum (Elf:2)
  13 hydra zombies
  52 slime creatures
  20 blink frogs
  45 saltlings (Desolation)
  9 alligator zombies
  A deep troll zombie (Hell)
  6 ettin zombies
  5 hydra skeletons
  2 spriggan zombies (Hell)
  A blink frog (shapeshifter) (Vaults:5)
  A jumping spider zombie (Crypt:1)
  6 fire dragon zombies
  3 fire giant simulacra
  4 dream sheep
  9 ice dragon zombies
  A stone giant simulacrum (Coc:3)
  7 alligator skeletons
  2 fire dragon skeletons
  18 shadows
  A deep troll skeleton (WizLab)
  3 redbacks
  A satyr skeleton (Crypt:2)
  168 flying skulls
  A black mamba zombie (Geh:6)
  7 ynoxinuls
  3 ice dragon skeletons
  2 vampires
  22 wraiths
  2 air elementals (Elf:1)
  6 ettin skeletons
  2 wyverns
  8 water elementals
  A wyvern (shapeshifter) (D:12)
  6 ushabtiu
  A tarantella (Zig:9)
  2 tarantellas (shapeshifter)
  11 neqoxecs (Pan)
  60 yaks
  A hog (Elf:2)
  A hog (shapeshifter) (Vaults:3)
  8 golden eyes
  5 basilisks
  12 fire elementals
  3 fire bats (Geh:4)
  3 steam dragons
  4 chaos spawn
  A yaktaur simulacrum (Vaults:2)
  2 spatial vortices (WizLab)
  13 vampire mosquitoes
  27 nagas
  12 swamp worms
  2 swamp worms (shapeshifter)
  3 insubstantial wisps
  A water moccasin (shapeshifter) (Vaults:3)
  3 acid dragons
  7 wargs
  A hydra simulacrum (Tomb:1)
  A gelid demonspawn zombie (Coc:3)
  11 large abominations
  14 water moccasins
  9 cane toad zombies
  A sky beast (shapeshifter) (Vaults:5)
  32 hell hounds
  6 swamp drakes
  3 floating eyes (Pan)
  5 sky beasts
  19 ice beasts
  2 alligator simulacra
  6 phantoms
  5 cane toad skeletons
  3 eyes of draining
  4 snapping turtle zombies
  A black bear (shapeshifter) (Depths:1)
  5 black bears
  A fire dragon simulacrum (Elf:2)
  17 necrophages
  3 swamp dragon zombies
  2 black mamba simulacra (Elf:2)
  55 orc warriors
  22 wolves
  5 boggarts
  29 ogres
  A manticore zombie (Tar:7)
  7 snapping turtle skeletons
  11 centaurs
  A centaur (shapeshifter) (Vaults:4)
  2 swamp dragon skeletons
  A torpor snail zombie (Crypt:1)
  4 big kobolds
  7 earth elementals
  3 elf zombies
  19 bullfrogs
  2 small abominations
  A gnoll sergeant (D:7)
  2 glowing shapeshifter simulacra
  6 elf skeletons
  A water moccasin zombie (Crypt:1)
  3 cane toad simulacra
  A wyvern skeleton (Crypt:1)
  5 scorpions
  13 killer bees
  2 elephant simulacra (Elf:2)
  A vampire bat (Elf:2)
  25 wights
  A troll skeleton (Crypt:2)
  7 howler monkeys
  4 centaur zombies
  8 bullfrog zombies
  4 crimson imps
  2 quasits
  5 human zombies
  5 centaur skeletons
  6 jellies
  24 orc priests
  6 bullfrog skeletons
  2 gnoll shamans (D:7)
  7 hounds
  41 orc wizards
  A human skeleton (Crypt:3)
  41 iron imps
  2 iguanas
  Natasha (twice) (D:3)
  A hell rat (Lair:3)
  A spriggan simulacrum (Crypt:1)
  10 worker ants
  An ogre zombie (Geh:6)
  A big kobold zombie (Ossuary)
  4 hound zombies
  40 mummies
  10 gnolls (D:7)
  12 adders
  12 shadow imps
  32 white imps
  4 ufetubi
  4 oozes
  2 adder zombies
  3 adder skeletons
  A worm (D:2)
  4 dart slugs
  5 leopard geckos
  114 orcs
  4 giant cockroaches
  3 gnoll zombies (Ossuary)
  7 goblins
  4 hobgoblins
  17 jackals
  8 quokkas
  2 ball pythons
  10 bats
  6 frilled lizards
  A frilled lizard skeleton (Crypt:1)
  2 giant cockroach zombies (D:6)
  2 goblin zombies (Ossuary)
  2 hobgoblin zombies (Ossuary)
  5 jackal zombies
  27 kobolds
  4 kobold zombies (Ossuary)
  An orc simulacrum (Coc:7)
  3 orc skeletons
  4 orc zombies
  A quokka skeleton (D:6)
  6 quokka zombies
  7 rats
  5 rat zombies (Ossuary)
  4 crawling corpses
  A macabre mass (Elf:2)
  6 tentacles
3726 creatures vanquished.

Vanquished Creatures (collateral kills)
  A titan (Vaults:5)
  A quicksilver dragon (Vaults:5)
  3 acid blobs (Slime:5)
  A sphinx (Depths:1)
  An ironheart preserver (Vaults:5)
  An ettin (Vaults:5)
  A stone giant (Depths:1)
  2 yaktaur captains
  A vault guard (Vaults:5)
  A hell hog (Hell)
  A glowing orange brain (Vaults:5)
  A harpy (Vaults:2)
  An ugly thing (D:15)
  A shining eye (Slime:5)
  A yaktaur (Vaults:5)
  A neqoxec (Pan)
  An orc (D:13)
20 creatures vanquished.

Vanquished Creatures (others)
  A Killer Klown (Zig:6)
  A deep elf sorcerer (Elf:3)
  A balrug (Geh:7)
  A draconian annihilator (Pan)
  A reaper (IceCv)
  An elemental wellspring (Coc:7)
  A deep elf annihilator (Elf:3)
  An eidolon (Tar:7)
  A blizzard demon (Pan)
  2 green deaths (Pan)
  A deep elf high priest (Elf:3)
  2 rakshasas (Pan)
  A naga warrior (Snake:4)
  A hell hog (Geh:2)
  An unseen horror (shapeshifter) (Vaults:4)
  A wizard (Pan)
  A naga ritualist (Snake:4)
  An obsidian statue (WizLab)
  An orc sorcerer (D:11)
  A cyclops (Vaults:2)
  A naga mage (Snake:4)
  A yaktaur (Vaults:1)
  A bloated husk (Swamp:2)
  An ice dragon zombie (Geh:4)
  A slime creature (Slime:5)
  A flying skull (Coc:7)
  A ynoxinul (Pan)
  2 wraiths
  A fire bat (Geh:4)
  A fire elemental (Elf:2)
  2 hell hounds (Dis:7)
  3 necrophages
  A big kobold (D:11)
  A wight (Geh:4)
  A crimson imp (Depths:2)
  A centaur zombie (Geh:2)
  An orc wizard (Orc:1)
  An iron imp (Dis:2)
  4 white imps
  5 ufetubi (IceCv)
  An orc (Vaults:2)
  16 foxfires
  18 fungi
  15 pillars of salt (Elf:1)
  23 plants
  2 starspawn tentacles (WizLab)
  15 tentacles
  2 withered plants (D:6)
145 creatures vanquished.

Grand Total: 3891 creatures vanquished

Notes
Turn   | Place    | Note
-------+----------+-------------------------------------------
     0 | D:5      | CurlyBrace the Felid Delver began the quest for the Orb.
     0 | D:5      | Reached XP level 1. HP: 10/10 MP: 2/2
    18 | D:6      | Found a staircase to the Ecumenical Temple.
    27 | Temple   | Entered the Ecumenical Temple
    73 | Temple   | Became a worshipper of Cheibriados the Contemplative
   134 | D:5      | Noticed an iguana
   145 | D:5      | Reached XP level 2. HP: 11/14 MP: 3/3
   145 | D:5      | Reached XP level 3. HP: 13/17 MP: 4/4
   157 | D:5      | Noticed an ice beast
   174 | D:5      | Noticed a centaur
   176 | D:5      | Killed an ice beast
   177 | D:5      | Reached skill level 1 in Invocations
   177 | D:5      | Reached skill level 1 in Evocations
   177 | D:5      | Reached XP level 4. HP: 21/21 MP: 5/5
   181 | D:5      | Reached XP level 5. HP: 25/25 MP: 6/6
   204 | D:5      | Killed a centaur
   205 | D:5      | Gained mutation: You are covered in thick fur. (AC +2)
                  | [Felid growth]
   205 | D:5      | Reached XP level 6. HP: 28/28 MP: 7/7
   332 | D:3      | Noticed Natasha
   345 | D:3      | Killed Natasha
   346 | D:3      | Reached skill level 5 in Unarmed Combat
   406 | D:2      | Reached skill level 5 in Fighting
   443 | D:2      | Reached * piety under Cheibriados
   752 | D:1      | Reached XP level 7. HP: 33/33 MP: 8/8
  1012 | D:1      | Reached ** piety under Cheibriados
  1334 | D:3      | Noticed Natasha
  1338 | D:3      | Killed Natasha
  1341 | D:3      | HP: 1/33 [poisoned by a worker ant]
  1473 | D:3      | Reached *** piety under Cheibriados
  1494 | D:3      | Reached skill level 5 in Dodging
  2024 | D:5      | Gained mutation: Your natural rate of healing is unusually
                  | fast. [potion of mutation]
  2024 | D:5      | Gained mutation: Your mind is acute. (Int +2) [potion of
                  | mutation]
  2024 | D:5      | Gained mutation: Your body sometimes deteriorates upon
                  | taking damage. [potion of mutation]
  2024 | D:5      | Gained mutation: Your thick and shaggy fur keeps you warm.
                  | (AC +3, rC+) [potion of mutation]
  2126 | D:5      | Reached XP level 8. HP: 38/38 MP: 9/9
  2274 | D:7      | Found Jeynag's Distillery.
  2291 | D:7      | Bought 2 potions of curing for 90 gold pieces
  2312 | D:7      | Reached **** piety under Cheibriados
  2325 | D:7      | Found a sand-covered staircase.
  2330 | Ossuary  | Entered an ossuary
  2658 | D:6      | Reached ***** piety under Cheibriados
  2659 | D:6      | Reached XP level 9. HP: 42/43 MP: 11/11
  2790 | D:7      | Learned a level 1 spell: Beastly Appendage
  2978 | D:6      | Reached skill level 1 in Transmutations
  2982 | D:6      | Reached skill level 1 in Spellcasting
  3018 | D:6      | You fall into a shaft and drop 3 floors!
  3018 | D:9      | Found a white marble altar of Elyvilon.
  3067 | D:9      | Noticed a troll
  3113 | D:9      | Reached XP level 10. HP: 38/49 MP: 12/14
  3162 | D:9      | Found a staircase to the Lair.
  3362 | D:8      | Reached ****** piety under Cheibriados
  4041 | Lair:1   | Entered Level 1 of the Lair of Beasts
  4169 | D:10     | Entered Level 10 of the Dungeon
  4253 | D:9      | Reached XP level 11. HP: 53/53 MP: 18/18
  4349 | D:10     | Noticed Nergalle
  4372 | D:10     | Killed Nergalle
  4469 | D:11     | Found a shimmering altar of Xom.
  4469 | D:11     | Found a shimmering altar of Xom.
  4471 | D:11     | Found a shimmering altar of Xom.
  4471 | D:11     | Found a shimmering altar of Xom.
  4472 | D:11     | Found a shimmering altar of Xom.
  4472 | D:11     | Found a shimmering altar of Xom.
  4472 | D:11     | Found a shimmering altar of Xom.
  4549 | D:10     | Found Noim's Distillery.
  4562 | D:10     | Noticed a two-headed ogre
  4566 | D:10     | Killed a two-headed ogre
  4567 | D:10     | Reached skill level 10 in Fighting
  4567 | D:10     | Reached skill level 10 in Dodging
  4567 | D:10     | Reached skill level 10 in Stealth
  4567 | D:10     | Reached skill level 10 in Unarmed Combat
  4611 | D:10     | Found Hedypsenyan's Jewellery Emporium.
  4699 | D:11     | Noticed Urug
  4734 | D:11     | Killed Urug
  4816 | D:10     | Reached skill level 5 in Evocations
  4821 | D:10     | Reached skill level 5 in Invocations
  4923 | D:10     | Found a runed translucent gate.
  4923 | D:10     | Found a runed translucent gate.
  4923 | D:10     | Found a runed translucent gate.
  4924 | D:10     | Found an opulent altar of Gozag.
  4924 | D:10     | Noticed an obsidian statue
  4926 | D:10     | Noticed Mandevil's ghost (novice DrTm)
  4996 | D:10     | Killed Mandevil's ghost
  5112 | D:11     | Learned a level 4 spell: Ice Form
  5132 | D:11     | Found a roughly hewn altar of Beogh.
  5132 | D:11     | Noticed an orc knight
  5137 | D:11     | Mutation became permanent: You are covered in thick fur.
                  | (AC +2) [Felid growth]
  5137 | D:11     | Gained mutation: Your thick and shaggy fur keeps you warm.
                  | (AC +3, rC+) [Felid growth]
  5137 | D:11     | Reached XP level 12. HP: 40/58 MP: 8/19
  5147 | D:11     | Reached skill level 1 in Ice Magic
  5188 | D:11     | Noticed Snorg
  5196 | D:11     | Killed Snorg
  5357 | D:11     | Found a staircase to the Orcish Mines.
  5373 | D:11     | Noticed Erolcha
  5375 | Orc:1    | Entered Level 1 of the Orcish Mines
  5392 | Orc:1    | Found Vokhlir's Distillery.
  5394 | Orc:1    | Paralysed by an orc sorcerer for 5 turns
  5436 | D:11     | Killed Erolcha
  5626 | Orc:1    | Gained mutation: You occasionally shout uncontrollably at
                  | your foes. [a neqoxec]
  5640 | Orc:1    | Noticed an orc warlord
  5640 | Orc:1    | Found a frozen archway.
  5643 | IceCv    | Entered an ice cave
  5786 | IceCv    | Killed a reaper
  5977 | IceCv    | Learned a level 1 spell: Apportation
  5979 | IceCv    | Learned a level 1 spell: Summon Small Mammal
  6100 | Orc:1    | Killed an orc warlord
  6101 | Orc:1    | Reached skill level 1 in Summonings
  6101 | Orc:1    | Reached skill level 1 in Translocations
  6101 | Orc:1    | Reached XP level 13. HP: 64/64 MP: 8/20
  6129 | Orc:1    | Found a roughly hewn altar of Beogh.
  6160 | Orc:2    | Entered Level 2 of the Orcish Mines
  6224 | Orc:1    | Bought a potion of heal wounds for 55 gold pieces
  6229 | Orc:1    | Bought a potion of curing for 33 gold pieces
  6229 | Orc:1    | Bought a potion of curing for 33 gold pieces
  6270 | Orc:2    | Found a staircase to the Elven Halls.
  6439 | Orc:2    | Reached skill level 5 in Spellcasting
  6682 | Orc:2    | Slain by a soul eater
  6683 | Orc:2    | Reached XP level 12. HP: -1/73 MP: 13/21
  6776 | Orc:2    | Killed an orc high priest
  6794 | Orc:2    | Noticed an orc high priest
  6879 | Orc:2    | Killed an orc high priest
  6905 | Orc:2    | Killed an orc high priest
  6927 | Orc:2    | Found Dahyuck's Gadget Shop.
  6932 | Orc:2    | Found Mosewez's Assorted Antiques.
  6937 | Orc:2    | Found Pabolid's Jewellery Shoppe.
  6939 | Orc:2    | Found Pofob's Antique Armour Shop.
  6945 | Orc:2    | Bought the cursed ring of Doisak {+Inv EV-4 Int+3} for 184
                  | gold pieces
  6949 | Orc:2    | Bought the amulet of Ephemeral Luck {Spirit rElec Str+2
                  | Dex+4 Stlth+} for 653 gold pieces
  7216 | D:11     | Noticed a boulder beetle
  7230 | D:11     | Killed a boulder beetle
  7253 | D:11     | Noticed a boulder beetle
  7271 | D:11     | Killed a boulder beetle
  7371 | D:12     | Found Meder's Book Boutique.
  7450 | D:12     | Reached XP level 13. HP: 64/64 MP: 22/24
  7577 | D:12     | Learned a level 3 spell: Ozocubu's Armour
  7581 | D:12     | Learned a level 3 spell: Frozen Ramparts
  7586 | D:12     | Learned a level 4 spell: Summon Ice Beast
  7852 | D:13     | Learned a level 6 spell: Statue Form
  8034 | D:14     | Reached skill level 1 in Earth Magic
  8277 | D:14     | Reached skill level 5 in Transmutations
  8304 | D:15     | Entered Level 15 of the Dungeon
  8366 | D:14     | Found a runed translucent door.
  8386 | D:14     | Noticed an ettin
  8388 | D:14     | Killed an ettin
  8399 | D:14     | Gained mutation: Your spells are a little easier to cast,
                  | but a little less powerful. [mutagenic glow]
  8405 | D:14     | Gained mutation: Your flesh is heat resistant. (rF+)
                  | [mutagenic glow]
  8449 | D:14     | You fall into a shaft and drop 1 floor!
  8509 | D:15     | Found a broken altar of Ashenzari.
  8621 | D:15     | Gained mutation: You are clumsy. (Dex -2) [a neqoxec]
  8625 | D:15     | Reached XP level 14. HP: 69/69 MP: 23/27
  8651 | D:15     | Found a staircase to the Depths.
  8666 | D:15     | Reached skill level 5 in Earth Magic
  8674 | Depths:1 | Entered Level 1 of the Depths
  8752 | D:15     | Noticed Rupert
  8762 | D:15     | Killed Rupert
  9235 | Elf:1    | Entered Level 1 of the Elven Halls
  9264 | Elf:1    | Learned a level 5 spell: Irradiate
  9278 | Elf:1    | Found a ruined gateway.
  9325 | Desolati | Entered the Desolation of Salt
  9335 | Desolati | Learned a level 2 spell: Blink
  9411 | Desolati | Noticed an imperial myrmidon
  9423 | Desolati | Noticed an imperial myrmidon
  9424 | Desolati | Noticed an imperial myrmidon
  9425 | Desolati | Identified the +4 scimitar of the Blind Eye {speed, SInv}
  9428 | Desolati | Killed an imperial myrmidon
  9429 | Desolati | Reached skill level 1 in Conjurations
  9442 | Desolati | Killed an imperial myrmidon
  9447 | Desolati | Reached XP level 15. HP: 15/73 MP: 4/28
  9569 | Desolati | Identified the Collected Works on Clay and Changing
  9573 | Desolati | Identified the Compendium of Poisonous Unholy Rituals
  9575 | Desolati | Identified the Reference Book on Creation and the Glacier
  9578 | Desolati | Got a bound crystal amulet
  9579 | Desolati | Identified the amulet "Beafan" {RegenMP Str+3 Int+4 Dex+4}
                  | (You found it in the Desolation of Salt)
  9748 | Desolati | Reached skill level 10 in Transmutations
  9815 | Desolati | Reached skill level 10 in Earth Magic
  9846 | Desolati | Identified the Reference Book on Changing and the Compass
  9916 | Desolati | Killed an imperial myrmidon
  9984 | Elf:1    | Found Culyeq's Antique Armour Boutique.
 10017 | Elf:1    | Identified the +7 quarterstaff of Ilimuo {speed, *Corrode
                  | rF- rC++ Str+8}
 10061 | Elf:2    | Reached XP level 16. HP: 78/78 MP: 18/29
 10108 | Elf:2    | Found a huge runed translucent gate.
 10108 | Elf:2    | Found a huge runed translucent gate.
 10108 | Elf:2    | Found a huge runed translucent gate.
 10109 | Elf:2    | Found a huge runed translucent gate.
 10110 | Elf:2    | Found a huge runed translucent gate.
 10231 | Elf:2    | Found a magical portal.
 10234 | WizLab   | Entered The Roulette of Golubria
 10234 | WizLab   | Found a transporter.
 10237 | WizLab   | Found a corrupted altar of Lugonu.
 10255 | WizLab   | Found a corrupted altar of Lugonu.
 10257 | WizLab   | Found a transporter.
 10259 | WizLab   | Noticed a tentacled starspawn
 10305 | WizLab   | Found a transporter.
 10364 | WizLab   | Found a transporter.
 10364 | WizLab   | Found a transporter.
 10384 | WizLab   | Killed a tentacled starspawn
 10387 | WizLab   | Found a transporter.
 10387 | WizLab   | Found a transporter.
 10402 | WizLab   | Found a transporter.
 10402 | WizLab   | Found a transporter.
 10414 | WizLab   | Identified the Papyrus of Displacement
 10424 | WizLab   | Found a transporter.
 10424 | WizLab   | Found a transporter.
 10429 | WizLab   | Found a corrupted altar of Lugonu.
 10449 | WizLab   | Found the +1 cloak of Starlight {*Dazzle EV+4 Stlth--}
 10450 | WizLab   | Found a transporter.
 10450 | WizLab   | Found a transporter.
 10452 | WizLab   | Found a transporter.
 10466 | WizLab   | Identified the Papyrus of Translocation
 10482 | Elf:2    | Learned a level 5 spell: Borgnjor's Vile Clutch
 10491 | Elf:2    | Learned a level 6 spell: Iron Shot
 10587 | Elf:2    | Identified Jatim's Almanac of the Entourage
 10622 | Elf:3    | Entered Level 3 of the Elven Halls
 10637 | Elf:2    | Reached skill level 1 in Necromancy
 10642 | Elf:2    | Noticed Asterion
 10674 | Elf:2    | Noticed Donald
 10676 | Elf:1    | Killed Asterion
 10690 | Elf:2    | Killed Donald
 10732 | Elf:2    | Identified Sif Muna's Tome of Shape Shifting
 10764 | Elf:2    | Noticed a bone dragon
 10773 | Elf:2    | Killed a bone dragon
 10806 | Elf:2    | Identified the Incunabulum of Darkness
 10824 | Elf:2    | Noticed a sphinx
 10850 | Elf:2    | Killed a sphinx
 10851 | Elf:2    | Reached XP level 17. HP: 77/83 MP: 17/31
 10864 | Elf:2    | Identified Dyafoipo's Papyrus of Enchantment
 10940 | Elf:2    | Identified the Tome of Ice
 10949 | Elf:2    | Reached skill level 10 in Spellcasting
 11009 | Elf:2    | Identified the Collected Works on Stones
 11014 | Elf:2    | Learned a level 2 spell: Passwall
 11020 | Elf:2    | Learned a level 4 spell: Petrify
 11243 | Elf:3    | Noticed a deep elf blademaster
 11243 | Elf:3    | Noticed a deep elf master archer
 11243 | Elf:3    | Noticed a Brimstone Fiend
 11244 | Elf:3    | Noticed an Ice Fiend
 11245 | Elf:3    | Killed a deep elf blademaster
 11245 | Elf:3    | Killed a deep elf master archer
 11283 | Elf:3    | Noticed a deep elf master archer
 11291 | Elf:3    | Killed a deep elf master archer
 11330 | Elf:3    | Identified the ring of Dyiva {rF+ Will++ Slay+4}
 11330 | Elf:3    | Noticed a deep elf blademaster
 11337 | Elf:3    | Killed a deep elf blademaster
 11338 | Elf:3    | Identified the ring of Onoatoc {*Corrode Str+9 Dex+4
                  | Stlth+}
 11424 | Elf:3    | Identified the Volume of Air and Darkness
 11429 | Elf:3    | Got a twitching lead amulet
 11430 | Elf:3    | Identified the amulet "Plog" {Inacc *Drain rPois MP+9
                  | Str+8} (You found it on level 3 of the Elven Halls)
 11484 | Elf:3    | Found the ring of the Octopus King
 11488 | Elf:3    | Got a ring of the Octopus King
 11490 | Elf:3    | Identified a ring of the Octopus King {AC+1 EV+1 Str+1
                  | Int+1 Dex+1 Stlth+} (You found it on level 3 of the Elven
                  | Halls)
 11524 | Elf:3    | Got a slimy bronze ring
 11525 | Elf:3    | Identified the ring "Jiohan" {*Slow Will++ EV+4 Stlth+}
                  | (You found it on level 3 of the Elven Halls)
 11745 | Orc:1    | Bought a potion of mutation for 88 gold pieces
 11801 | D:12     | Bought a book of Spatial Translocations for 910 gold pieces
 11801 | D:12     | Bought a book of Party Tricks for 700 gold pieces
 11806 | D:12     | Learned a level 4 spell: Passage of Golubria
 11936 | Lair:2   | Found a dark tunnel.
 11942 | Volcano  | Entered a volcano
 12040 | Lair:2   | Reached XP level 18. HP: 88/88 MP: 17/33
 12099 | Lair:4   | Found a staircase to the Snake Pit.
 12108 | Snake:1  | Entered Level 1 of the Snake Pit
 12171 | Snake:1  | Reached skill level 5 in Translocations
 12186 | Snake:1  | Reached skill level 15 in Fighting
 12188 | Snake:1  | Reached skill level 15 in Unarmed Combat
 12210 | Snake:1  | Reached skill level 15 in Stealth
 12220 | Snake:1  | Learned a level 3 spell: Lesser Beckoning
 12304 | Snake:3  | Noticed Aizul
 12310 | Snake:3  | Killed Aizul
 12369 | Snake:4  | Entered Level 4 of the Snake Pit
 12378 | Snake:4  | Reached skill level 15 in Dodging
 12719 | Snake:4  | Got a serpentine rune of Zot
 12731 | Snake:4  | Reached XP level 19. HP: 68/94 MP: 9/36
 12776 | Snake:3  | Found Teyfe's Magic Scroll Shoppe.
 12776 | Snake:3  | Found Ryip Ico's Antique Armour Emporium.
 12776 | Snake:3  | Found Reiss's Book Emporium.
 12779 | Snake:3  | Found Salig's Armour Shoppe.
 12792 | Snake:3  | Bought a scroll of immolation for 52 gold pieces
 12792 | Snake:3  | Bought a scroll of blinking for 112 gold pieces
 12792 | Snake:3  | Bought a scroll of magic mapping for 52 gold pieces
 12792 | Snake:3  | Bought a scroll of blinking for 112 gold pieces
 12800 | Snake:3  | Found a shimmering altar of Xom.
 12912 | Lair:5   | Found a staircase to the Slime Pits.
 13027 | Lair:6   | Entered Level 6 of the Lair of Beasts
 13129 | Lair:6   | Identified the ring of Fathaif {+Fly rC+} (You found it on
                  | level 6 of the Lair of Beasts)
 13133 | Lair:6   | Lost mutation: Your natural rate of healing is unusually
                  | fast. [potion of mutation]
 13133 | Lair:6   | Lost mutation: Your flesh is heat resistant. (rF+) [potion
                  | of mutation]
 13133 | Lair:6   | Lost mutation: You are clumsy. (Dex -2) [potion of
                  | mutation]
 13133 | Lair:6   | Gained mutation: Your muscles are strong. (Str +2) [potion
                  | of mutation]
 13133 | Lair:6   | Gained mutation: Your mind is very acute. (Int +4) [potion
                  | of mutation]
 13134 | Lair:6   | Lost mutation: Your spells are a little easier to cast, but
                  | a little less powerful. [potion of mutation]
 13134 | Lair:6   | Lost mutation: Your mind is very acute. (Int +4) [potion of
                  | mutation]
 13134 | Lair:6   | Lost mutation: Your body sometimes deteriorates upon taking
                  | damage. [potion of mutation]
 13134 | Lair:6   | Gained mutation: You have a pair of small antennae on your
                  | head. [potion of mutation]
 13134 | Lair:6   | Gained mutation: Your muscles are very strong. (Str +4)
                  | [potion of mutation]
 13477 | Lair:4   | Found a staircase to the Swamp.
 13489 | Swamp:1  | Entered Level 1 of the Swamp
 13491 | Swamp:1  | Found the +2 hood of the Assassin {Detection Stab+ Stlth++}
 13533 | Swamp:1  | Found a transporter.
 13535 | Swamp:1  | Noticed rdx's ghost (adept DsFi)
 13576 | Swamp:1  | Found a transporter.
 13592 | Swamp:1  | Killed rdx's ghost
 13612 | Swamp:1  | You fall into a shaft and drop 1 floor!
 13730 | Swamp:4  | Entered Level 4 of the Swamp
 13757 | Swamp:3  | Found a radiant altar of Vehumet.
 13757 | Swamp:3  | Noticed Mara
 13822 | Swamp:4  | Noticed the 27-headed Lernaean hydra
 13829 | Swamp:4  | Killed the 27-headed Lernaean hydra
 13844 | Swamp:4  | Reached XP level 20. HP: 55/98 MP: 5/39
 13875 | Swamp:4  | Got a decaying rune of Zot
 14142 | D:12     | Found a runed translucent gate.
 14142 | D:12     | Found a runed translucent gate.
 14142 | D:12     | Found a runed translucent gate.
 14143 | D:12     | Noticed anet's ghost (journeyman DECj)
 14145 | D:12     | Found a roughly hewn altar of Beogh.
 14159 | D:12     | Killed anet's ghost
 14345 | D:14     | Found a gate to the Vaults.
 14355 | Vaults:1 | Entered Level 1 of the Vaults
 14515 | Vaults:2 | Noticed Saint Roka
 14590 | Vaults:2 | Slain by a vault warden
 14591 | Vaults:2 | Reached XP level 19. HP: -2/122 MP: 6/38
 14692 | Vaults:2 | Learned a level 5 spell: Lee's Rapid Deconstruction
 14702 | Vaults:2 | Found a runed translucent gate.
 14702 | Vaults:2 | Found a runed translucent gate.
 14702 | Vaults:2 | Found a runed translucent gate.
 14702 | Vaults:2 | Found an opulent altar of Gozag.
 14705 | Vaults:2 | Found Deanuz's Assorted Antiques.
 14706 | Vaults:2 | Noticed Acleikk's ghost (adept GrEE)
 15043 | Vaults:2 | Reached skill level 10 in Invocations
 15051 | Vaults:3 | Found Usosch's Book Emporium.
 15116 | Vaults:3 | Found Nadad's Antique Armour Emporium.
 15188 | Vaults:3 | Found Dehaibri's Antique Weapon Shop.
 15196 | Vaults:3 | Reached XP level 20. HP: 98/98 MP: 39/39
 15295 | Vaults:3 | Found Peitser's Distillery.
 15299 | Vaults:3 | Bought a potion of experience for 800 gold pieces
 15299 | Vaults:3 | Reached XP level 21. HP: 102/102 MP: 19/40
 15335 | Vaults:3 | Found a staircase to the Crypt.
 15342 | Crypt:1  | Entered Level 1 of the Crypt
 15770 | Vaults:5 | Entered Level 5 of the Vaults
 15780 | Vaults:5 | Noticed an ancient lich
 15789 | Vaults:5 | Killed an ancient lich
 15791 | Vaults:5 | Identified the +8 long sword "Ikhlekha" {holy, rElec rPois
                  | Str+4}
 15799 | Vaults:5 | Identified the +5 battleaxe of Huvevih {protect, Int+5}
 15824 | Vaults:5 | Identified the +8 trident of Wisasafu {protect, rPois
                  | Str+2}
 15825 | Vaults:5 | Found the +2 cloak of the Thief {*Fog Slay-2 SInv Stlth+}
 15837 | Vaults:5 | Identified a scroll of acquirement
 16039 | Vaults:5 | Identified the +2 leather armour of the Lich-sworn {Rampage
                  | SInv}
 16048 | Vaults:5 | Reached XP level 22. HP: 108/108 MP: 22/41
 16052 | Vaults:5 | Identified the cursed +1 hunting sling of War {flame, *Slow
                  | rF++ MP+9 SInv}
 16112 | Vaults:5 | Identified the +1 robe of Gestures {rN+++ Int-4}
 16160 | Vaults:5 | Noticed an ancient lich
 16191 | Vaults:5 | Reached skill level 15 in Spellcasting
 16242 | Vaults:5 | Identified the cursed +1 falchion "Ellunal" {chaos, Str+3}
 16328 | Vaults:5 | Noticed a golden dragon
 16334 | Vaults:5 | Killed a golden dragon
 16352 | Vaults:5 | Got a silver rune of Zot
 16389 | Vaults:5 | Killed an ancient lich
 16685 | Crypt:1  | Reached skill level 5 in Necromancy
 16685 | Crypt:1  | Reached XP level 23. HP: 106/114 MP: 29/43
 16785 | Crypt:3  | Entered Level 3 of the Crypt
 16831 | Crypt:3  | Found a staircase to the Tomb.
 16909 | Crypt:3  | Killed from afar by a crystal guardian
 16910 | Crypt:3  | Reached XP level 22. HP: -5/143 MP: 29/43
 17112 | Crypt:3  | Found an ancient bone altar of Kikubaaqudgha.
 17157 | Crypt:3  | Acquired the ring of Ufenkeef {Wiz Str+2 Int+2 Stlth+}
 17181 | Crypt:3  | Noticed an ancient lich
 17194 | Crypt:3  | Killed an ancient lich
 17242 | Crypt:3  | Learned a level 9 spell: Shatter
 17273 | Crypt:3  | Gained mutation: Your spells are a little easier to cast,
                  | but a little less powerful. [mutagenic glow]
 17274 | Crypt:3  | Lost mutation: Your muscles are very strong. (Str +4)
                  | [potion of mutation]
 17274 | Crypt:3  | Lost mutation: Your mind is acute. (Int +2) [potion of
                  | mutation]
 17274 | Crypt:3  | Lost mutation: Your muscles are strong. (Str +2) [potion of
                  | mutation]
 17274 | Crypt:3  | Lost mutation: You occasionally shout uncontrollably at
                  | your foes. [potion of mutation]
 17274 | Crypt:3  | Gained mutation: You are partially covered in icy blue
                  | scales. (AC +2) [potion of mutation]
 17274 | Crypt:3  | Gained mutation: You can translocate small distances at
                  | will. [potion of mutation]
 17274 | Crypt:3  | Gained mutation: You are resistant to electric shocks.
                  | (rElec) [potion of mutation]
 17285 | Tomb:1   | Entered Level 1 of the Tomb of the Ancients
 17365 | Tomb:1   | Reached skill level 15 in Earth Magic
 17442 | Tomb:1   | Noticed a royal mummy
 17492 | Tomb:1   | Killed a royal mummy
 17587 | Tomb:1   | Learned a level 8 spell: Necromutation
 17615 | Tomb:1   | Noticed a royal mummy
 17618 | Tomb:1   | Killed a royal mummy
 17683 | Tomb:1   | Reached XP level 23. HP: 104/113 MP: 38/44
 17706 | Tomb:1   | Noticed a royal mummy
 17732 | Tomb:1   | Killed a royal mummy
 17815 | Tomb:1   | Noticed a royal mummy
 17815 | Tomb:1   | Noticed a royal mummy
 17815 | Tomb:1   | Noticed a royal mummy
 17815 | Tomb:1   | Noticed a royal mummy
 17815 | Tomb:1   | Noticed a royal mummy
 17815 | Tomb:1   | Noticed a royal mummy
 17841 | Tomb:1   | Noticed a royal mummy
 17881 | Tomb:2   | Noticed a royal mummy
 17881 | Tomb:2   | Noticed a royal mummy
 17881 | Tomb:2   | Noticed a royal mummy
 17881 | Tomb:2   | Noticed a royal mummy
 17913 | Tomb:2   | Reached skill level 10 in Necromancy
 17922 | Tomb:2   | HP: 3/140 [revenant/ghostly fireball (9)]
 17923 | Tomb:3   | Entered Level 3 of the Tomb of the Ancients
 17952 | Tomb:3   | Noticed a royal mummy
 17962 | Zig:1    | Entered Level 1 of a ziggurat
 18093 | Zig:2    | Entered Level 2 of a ziggurat
 18106 | Zig:3    | Entered Level 3 of a ziggurat
 18123 | Zig:4    | Entered Level 4 of a ziggurat
 18144 | Zig:4    | Reached XP level 24. HP: 103/118 MP: 44/44
 18192 | Zig:5    | Entered Level 5 of a ziggurat
 18222 | Zig:6    | Entered Level 6 of a ziggurat
 18223 | Zig:6    | Noticed a Killer Klown
 18225 | Zig:6    | Noticed a Killer Klown
 18227 | Zig:6    | Noticed a Killer Klown
 18231 | Zig:6    | Noticed a Killer Klown
 18233 | Zig:6    | Noticed a Killer Klown
 18244 | Zig:6    | Killed a Killer Klown
 18246 | Zig:6    | Killed a Killer Klown
 18250 | Zig:6    | Killed a Killer Klown
 18286 | Zig:7    | Entered Level 7 of a ziggurat
 18322 | Zig:8    | Entered Level 8 of a ziggurat
 18348 | Zig:8    | Lost mutation: Your spells are a little easier to cast, but
                  | a little less powerful. [potion of mutation]
 18348 | Zig:8    | Lost mutation: You have a pair of small antennae on your
                  | head. [potion of mutation]
 18348 | Zig:8    | Lost mutation: You can translocate small distances at will.
                  | [potion of mutation]
 18348 | Zig:8    | Gained mutation: You have a somewhat thin skeletal
                  | structure. (Dex +2, Stealth) [potion of mutation]
 18366 | Zig:9    | Entered Level 9 of a ziggurat
 18391 | Zig:9    | Identified Sif Muna's Collected Works on the Ghastly Birds
 18396 | Zig:9    | Identified Qavo's Reference Book on Dark Creation
 18400 | Zig:9    | Identified the ring "Wastreg" {*Tele *Contam *Slow rElec
                  | Will++} (You found it on level 9 of a ziggurat)
 18448 | Tomb:3   | Identified the ring of Compulsion {+Fly rElec} (You found
                  | it on level 3 of the Tomb of the Ancients)
 18458 | Tomb:3   | Noticed a royal mummy
 18459 | Tomb:3   | Killed a royal mummy
 18462 | Tomb:3   | Noticed a royal mummy
 18462 | Tomb:3   | Noticed a royal mummy
 18462 | Tomb:3   | Noticed a royal mummy
 18462 | Tomb:3   | Noticed a royal mummy
 18463 | Tomb:3   | Noticed a royal mummy
 18469 | Tomb:3   | HP: 6/148 [/ignited by themself (20)]
 18502 | Tomb:2   | Reached XP level 25. HP: 15/122 MP: 3/44
 18666 | Tomb:3   | Noticed a royal mummy
 18666 | Tomb:3   | Noticed a royal mummy
 18667 | Tomb:3   | Killed a royal mummy
 18674 | Tomb:2   | Killed a royal mummy
 18816 | Tomb:3   | Killed a royal mummy
 18910 | Tomb:3   | Killed a royal mummy
 18913 | Tomb:3   | Killed a royal mummy
 18915 | Tomb:3   | Killed a royal mummy
 18921 | Tomb:3   | Killed a royal mummy
 18968 | Tomb:3   | Got a steaming turquoise ring
 18969 | Tomb:3   | Identified the ring "Baleppap" {rPois rF- rC+ Str+4 Dex+6}
                  | (You found it on level 3 of the Tomb of the Ancients)
 19085 | Tomb:3   | Killed a royal mummy
 19120 | Tomb:3   | Got a golden rune of Zot
 19166 | Tomb:1   | Noticed a royal mummy
 19167 | Tomb:1   | Noticed a royal mummy
 19350 | Vaults:3 | Bought a book of Annihilations for 1435 gold pieces
 19453 | Vaults:2 | Killed Saint Roka
 19557 | Orc:1    | Bought a potion of curing for 33 gold pieces
 19557 | Orc:1    | Bought a potion of curing for 33 gold pieces
 19557 | Orc:1    | Bought 2 potions of cancellation for 176 gold pieces
 19567 | Orc:2    | Bought an uncursed ring of resist corrosion for 220 gold
                  | pieces
 19572 | Orc:2    | Bought a wand of paralysis (9) for 154 gold pieces
 19572 | Orc:2    | Bought a wand of acid (12) for 448 gold pieces
 19632 | D:10     | Bought a potion of curing for 42 gold pieces
 19632 | D:10     | Bought 2 potions of heal wounds for 140 gold pieces
 19632 | D:10     | Bought a potion of heal wounds for 70 gold pieces
 19632 | D:10     | Bought a potion of heal wounds for 70 gold pieces
 19632 | D:10     | Bought a potion of curing for 42 gold pieces
 19632 | D:10     | Bought a potion of curing for 42 gold pieces
 19632 | D:10     | Bought a potion of mutation for 112 gold pieces
 19632 | D:10     | Bought a potion of heal wounds for 70 gold pieces
 19632 | D:10     | Bought a potion of curing for 42 gold pieces
 19632 | D:10     | Bought a potion of brilliance for 56 gold pieces
 19632 | D:10     | Bought 2 potions of brilliance for 112 gold pieces
 19779 | Slime:1  | Entered Level 1 of the Pits of Slime
 19833 | Slime:3  | Gained mutation: You are dopey. (Int -2) [a shining eye]
 19863 | Slime:5  | Entered Level 5 of the Pits of Slime
 19938 | Slime:5  | Found a viscous altar of Jiyva.
 19939 | Slime:5  | Noticed the Royal Jelly
 19977 | Slime:5  | Killed the Royal Jelly
 20020 | Slime:5  | Identified the Collected Works on Flames
 20031 | Slime:5  | Identified the ring "Riss" {+Fly Int+4 Stlth+} (You found
                  | it on level 5 of the Pits of Slime)
 20034 | Slime:5  | Got a slimy rune of Zot
 20054 | Slime:5  | Identified the ring "Ywkipn" {rCorr Dex+2} (You found it on
                  | level 5 of the Pits of Slime)
 20055 | Slime:5  | Identified the ring "Qusud" {+Fly Int+3 Stlth-} (You found
                  | it on level 5 of the Pits of Slime)
 20346 | Depths:1 | Found a gateway to Hell.
 20382 | Hell     | Entered the Vestibule of Hell
 20382 | Hell     | Noticed Geryon
 20432 | Depths:1 | Reached XP level 26. HP: 71/127 MP: 37/44
 20503 | Depths:1 | You fall into a shaft and drop 1 floor!
 20744 | Hell     | Killed Geryon
 20831 | Hell     | Found a gateway to the decaying netherworld of Tartarus.
 20836 | Tar:1    | Entered Level 1 of Tartarus
 21383 | Tar:7    | Entered Level 7 of Tartarus
 21445 | Tar:7    | Reached XP level 27. HP: 133/133 MP: 0/45
 21870 | Tar:7    | Identified the ring of Fallacy {Fire rN++} (You found it on
                  | level 7 of Tartarus)
 22028 | Tar:7    | Got a bone rune of Zot
 22037 | Tar:7    | Noticed Ereshkigal
 22144 | Tar:7    | Killed Ereshkigal
 22213 | Hell     | Found a gateway to the freezing wastes of Cocytus.
 22236 | Coc:1    | Entered Level 1 of Cocytus
 22486 | Coc:3    | Reached skill level 1 in Hexes
 22486 | Coc:3    | HP: 3/134 [shard shrike/shard of ice (50)]
 22681 | Coc:3    | Reached skill level 5 in Hexes
 22732 | Coc:4    | Learned a level 6 spell: Invisibility
 22783 | Coc:4    | You fall into a shaft and drop 2 floors!
 22800 | Coc:6    | You fall into a shaft and drop 1 floor!
 22800 | Coc:7    | Entered Level 7 of Cocytus
 22927 | Coc:7    | Reached skill level 10 in Hexes
 23082 | Coc:7    | Gained mutation: Your magical capacity is low. (-10% MP)
                  | [mutagenic glow]
 23252 | Coc:7    | Noticed Antaeus
 23257 | Coc:7    | HP: 8/174 [Ice Fiend/bolt of cold (8)]
 23394 | Coc:7    | Got an icy rune of Zot
 23396 | Coc:7    | Slain by Antaeus
 23442 | Hell     | Found a gateway to the Iron City of Dis.
 23447 | Dis:1    | Entered Level 1 of the Iron City of Dis
 23810 | Dis:3    | You fall into a shaft and drop 2 floors!
 23993 | Dis:7    | Entered Level 7 of the Iron City of Dis
 24023 | Dis:7    | Reached skill level 15 in Necromancy
 24194 | Dis:7    | Learned a level 1 spell: Summon Small Mammal
 24214 | Dis:7    | Learned a level 2 spell: Call Imp
 24420 | Dis:7    | Identified the ring of Faqume {Will+ Int+10 Dex-4} (You
                  | found it on level 7 of the Iron City of Dis)
 24618 | Dis:7    | Identified the +4 staff of Dispater
 24618 | Dis:7    | Identified the ring of Vopnic {Ice Dex+2}
 24618 | Dis:7    | Noticed Dispater
 24744 | Dis:7    | Got an iron rune of Zot
 24833 | Hell     | Found a gateway to the ashen valley of Gehenna.
 24853 | Geh:1    | Entered Level 1 of Gehenna
 25106 | Geh:4    | Found the +7 great mace "Firestarter" {inner flame, rF++}
 25218 | Geh:7    | Entered Level 7 of Gehenna
 25534 | Geh:7    | Identified the +7 sceptre of Asmodeus
 25534 | Geh:7    | Noticed Asmodeus
 25570 | Geh:7    | Got an obsidian rune of Zot
 25570 | Geh:7    | Demolished by Asmodeus
 25644 | Depths:3 | Noticed Jory
 25652 | Depths:3 | Noticed Margery
 25653 | Depths:3 | Killed Jory
 25667 | Depths:3 | Killed Margery
 25696 | Depths:3 | Noticed Qennyv's ghost (veteran VSFi)
 25696 | Depths:3 | Found a large runed translucent door.
 25696 | Depths:3 | Found a large runed translucent door.
 25706 | Depths:3 | Killed Qennyv's ghost
 25723 | Depths:3 | Found a one-way gate leading to the halls of Pandemonium.
 25736 | Pan      | Entered Pandemonium
 25791 | Pan      | Noticed Baph the pandemonium lord
 25811 | Pan      | Entered the realm of Lom Lobon.
 25876 | Pan      | Got a magical rune of Zot
 25889 | Pan      | Entered the realm of Mnoleg.
 25986 | Pan      | Gained mutation: You are weak. (Str -2) [a cacodemon]
 25995 | Pan      | Gained mutation: You are frail. (-10% HP) [a cacodemon]
 26017 | Pan      | Noticed Mnoleg
 26024 | Pan      | Killed Mnoleg
 26031 | Pan      | Gained mutation: You passively map a small area around you.
                  | [a neqoxec]
 26036 | Pan      | Gained mutation: You are very weak. (Str -4) [a neqoxec]
 26041 | Pan      | Gained mutation: You are very frail. (-20% HP) [a shining
                  | eye]
 26113 | Pan      | Got a glowing rune of Zot
 26138 | Pan      | Lost mutation: Your magical capacity is low. (-10% MP)
                  | [potion of mutation]
 26138 | Pan      | Lost mutation: You are very weak. (Str -4) [potion of
                  | mutation]
 26138 | Pan      | Lost mutation: You are dopey. (Int -2) [potion of mutation]
 26138 | Pan      | Gained mutation: You possess an exceptional clarity of
                  | mind. [potion of mutation]
 26138 | Pan      | Gained mutation: You are partially covered in slimy green
                  | scales. (AC +2) [potion of mutation]
 26139 | Pan      | Lost mutation: You are weak. (Str -2) [potion of mutation]
 26139 | Pan      | Lost mutation: You are very frail. (-20% HP) [potion of
                  | mutation]
 26139 | Pan      | Lost mutation: You are frail. (-10% HP) [potion of
                  | mutation]
 26139 | Pan      | Lost mutation: You possess an exceptional clarity of mind.
                  | [potion of mutation]
 26139 | Pan      | Gained mutation: You have a pair of small horns on your
                  | head. [potion of mutation]
 26139 | Pan      | Gained mutation: You possess an exceptional clarity of
                  | mind. [potion of mutation]
 26139 | Pan      | Gained mutation: You are agile. (Dex +2) [potion of
                  | mutation]
 26141 | Pan      | Noticed Lom Lobon
 26174 | Pan      | Killed from afar by Lom Lobon
 26252 | Pan      | Noticed Weoriem the pandemonium lord
 26352 | Pan      | Got a demonic rune of Zot
 26443 | Pan      | Entered the realm of Gloorx Vloq.
 26496 | Pan      | Noticed Gloorx Vloq
 26551 | Pan      | Got a dark rune of Zot
 26648 | Pan      | Learned a level 9 spell: Death's Door
 26701 | Pan      | Noticed Gloorx Vloq
 26711 | Pan      | HP: 8/175 [torturous black sun/+5 halberd[Gloorx Vloq] (2)]
 26711 | Pan      | Blown up by a cacodemon

Illustrated notes

Levels and vault maps discovered:
D:1:      amcnicky_arrival_wind_blow, layout_basic
D:2:      cheibrodos_old_hovel, layout_rooms
D:3:      layout_rooms, uniq_natasha
D:4:      layout_loops_ring
D:5:      layout_rooms
D:6:      layout_rooms, minmay_temple_entry_wispy, serial_undead,
          serial_undead_f, serial_undead_a, serial_undead_a, serial_undead_d
D:7:      layout_cave_pools, serial_gnoll_camp, gnoll_camp_mini_doghouse,
          gnoll_camp_mini_loothouse, gnoll_camp_mini_hut,
          gnoll_camp_mini_doghouse, gnoll_camp_mini_basic, gnoll_camp_mini_hut,
          nicolae_ossuary_entry_catacombs, serial_shops, shop
D:8:      layout_loops_ring, serial_glass, glass_columns_a, glass_columns_b,
          glass_columns_b, glass_columns_b, glass_columns_b, glass_columns_a
D:9:      layout_long_grid, elyvilon_altar_3, erik_lair_island
D:10:     layout_basic, serial_shops, nicolae_shop_trees,
          nicolae_shop_behind_doors, ebering_ghost_gozag, uniq_nergalle
D:11:     layout_basic, erik_orc_4, special_room [special_room_orc],
          xom_redecorated, uniq_snorg, uniq_erolcha, uniq_urug
D:12:     layout_basic, biasface_ghost_orc_armoury, serial_shops,
          nicolae_shop_temple_entry_statues_fountains, lemuel_old_faithful
D:13:     layout_rooms, minivault_11
D:14:     layout_loops_cross, david_vaults_5, minivault_1, minivault_13
D:15:     grunt_enter_depths_magical_seal, layout_gridville,
          grunt_decor_mini_mirrors, ashenzari_altar_1, uniq_rupert
Temple:   minmay_crystal_snake_temple
Lair:1:   layout_cave_pods, lemuel_fruit_fields
Lair:2:   layout_gridlike, nicolae_volcano_entry_lava_flow, ice2_lemuel,
          serial_bayou_shore_b, grunt_megastairs_3, infiniplex_staircase_pool_2
Lair:3:   nzn_winding_woodlands_three_and_one
          [nzn_winding_woodlands_5x15_parted, nzn_winding_woodlands_5x15_twine,
          nzn_winding_woodlands_5x15_split_checker,
          nzn_winding_woodlands_center_lodge], layout_cave_pods,
          lemuel_fruit_fields
Lair:4:   layout_long_grid, minmay_swamp_entry_swarm,
          minmay_snake_entry_spellcaster
Lair:5:   beast_lair_carwin_large_4, layout_regular_city,
          minmay_slime_entry_pillars, serial_bayou_shore_b
Lair:6:   gammafunk_lair_ancient_temple, layout_hall_layers,
          chequers_serial_rivers_large_a
Swamp:1:  layout_falls_marsh, gammafunk_ghost_arena, hangedman_swamp_blocks
Swamp:2:  layout_basic_swamp, nicolae_swamp_dense_foliage,
          nicolae_swamp_treefoil, swamp_pool2
Swamp:3:  cheibrodos_swamp_heart_of_darkness, layout_basic_swamp,
          lemuel_altar_in_water, uniq_mara
Swamp:4:  swamp_old_school, layout_basic_swamp
Snake:1:  layout_basic, serial_shops, shop, st_stairs_7,
          nicolae_large_snake_swirl
Snake:2:  layout_chambers, st_stairs_14, nicolae_snake_linked_coils,
          uniq_nikola, uniq_vashnia
Snake:3:  layout_gridlike, basic_altar, grunt_megastairs_5, minmay_shoptagon,
          uniq_aizul
Snake:4:  snake_pit, layout_layer_cave, lemuel_fruit_tree, serial_bayou_shore_b,
          minmay_shop_grove, serial_bayou_shore_b
Slime:1:  layout_caves, cheibrodos_slime_lost_civilization_5
Slime:2:  layout_caves, basic_altar
Slime:3:  layout_caves
Slime:4:  layout_caves
Slime:5
Orc:1:    layout_diamond_mine, serial_shops, shop_statue, portal_ice_cave_rime,
          mines2_david
Orc:2:    st_orc_elflike, layout_caves, abandoned_shop, nicolae_orc_rockfall
Elf:1:    layout_rooms, portal_desolation_entry_garden, serial_shops, shop,
          hangedman_elf_represent
Elf:2:    layout_loops_corners, mu_enter_wizlab_7, serial_hangedman_research,
          hangedman_research_convocations, hangedman_research_metamorphosis,
          hangedman_research_probablistics, hangedman_research_thanatology,
          hangedman_research_geology, hangedman_research_thermodynamics,
          uniq_donald, uniq_asterion
Elf:3:    grunt_elf_hall_diamonds, layout_geoelf_diagonals
Vaults:1: serial_ice_m, ontoclasm_vaults_ring_large, hangedman_vaults_trim,
          vaults_not_door_vault_due, vaults_dpeg_spiral, vaults_room_pools,
          vaults_room_grid, nicolae_vaults_network_star,
          nicolae_vaults_asterisk, vaults_mumra_chevron,
          hangedman_vaults_stream, v_pattern_2,
          nicolae_vaults_diagonal_hallway_8, vaults_standard_mumra_x,
          vaults_room_hallway, layout_vaults_ring
Vaults:2: ebering_vaults_ghost_gozag, ontoclasm_vaults_misaligned,
          vaults_standard_mumra_lines, ontoclasm_vaults_ligature,
          nicolae_vaults_know_your_exits, hangedman_vaults_corner_blocks,
          vaults_mumra_hexcomb, v_pattern_5, v_misc_11,
          grunt_vaults_hallway_long, nicolae_vaults_alarming,
          nicolae_vaults_little_squares_4, ontoclasm_vaults_spin, v_misc_24,
          nicolae_vaults_little_squares_3, layout_vaults_big_room,
          uniq_saint_roka, uniq_frederick
Vaults:3: v_misc_10, nicolae_vaults_yaktaur_gun_rack,
          minmay_crypt_entry_simple_statues, vaults_dpeg_cross,
          vaults_room_hallway, hangedman_vaults_stitches,
          nicolae_vaults_little_ls, vaults_room_grunt_arrival_checkpoint,
          grunt_vaults_hallway_short, layout_vaults_omnigrid, serial_shops,
          nicolae_shop_window_shopping, shop, shop_statue, nicolae_shop_crystal,
          nicolae_shop_statue_plus
Vaults:4: st_greater_box_3, nicolae_vaults_angled_halls, v_misc_13,
          ontoclasm_vaults_decontamination, nicolae_vaults_ninety_degrees,
          vaults_dpeg_encased_lava, v_misc_11, ontoclasm_vaults_shuriken,
          nicolae_vaults_little_squares_2, ontoclasm_vaults_chip,
          vaults_dpeg_ring, nicolae_vaults_shelves_hall,
          vaults_standard_mumra_enter_the_diamond, vaults_room_semicircle,
          nicolae_vaults_border_crossing, v_misc_8, layout_vaults_big_cross,
          serial_shops, shop_coins
Vaults:5: serial_shops
Crypt:1:  grunt_deathspiral_small, layout_misc_corridors, minivault_25
Crypt:2:  hangedman_screamer, layout_catacombs, gammafunk_ghost_necromancy
Crypt:3:  cryptofortress_bobbens
Tomb:1
Tomb:2
Tomb:3
Depths:1: layout_gridlike, hangedman_coc_ice_floe,
          hangedman_decor_clover_reticule, minmay_evil_grid
Depths:2: abrahamwl_protected_by_tso_2, layout_gridlike, enter_trove_1,
          hellmouth_3, grunt_pan_entry_spiral, minmay_staircase_bubble
Depths:3: gammafunk_sealed_library, layout_basic, ebering_ghost_disaster_area,
          rand_demon_pan_entry_3, abyss_entry, grunt_hell_entry_dis_mu,
          serial_bayou_shore_b, uniq_margery, uniq_jory
Hell
Dis:1:    layout_subdivisions
Dis:2:    layout_gridville, grunt_dis_stairs_iron_hall
Dis:3:    layout_gridville
Dis:5:    layout_chaotic_city
Dis:6:    layout_chaotic_city, grunt_megastairs_1
Dis:7:    dis_grunt_layers
Geh:1:    layout_gehenna_pools_triple
Geh:2:    layout_gehenna_lava_caves
Geh:3:    layout_gehenna_pools_triple
Geh:4:    minmay_firetagon, layout_gehenna_lava_caves, lemuel_elevator
Geh:5:    layout_gehenna_pools_basic
Geh:6:    layout_gehenna_pools_triple, lemuel_elevator
Geh:7:    geh_grunt
Coc:1:    layout_ice_bergs
Coc:2:    layout_ice_bergs
Coc:3:    layout_cocytus_water_paths
Coc:4:    layout_cocytus_water_paths
Coc:6:    layout_ice_bergs
Coc:7:    coc_dpeg
Tar:1:    layout_grid_maze, grunt_megastairs_2
Tar:2:    layout_grid_maze
Tar:3:    layout_catacombs, nicolae_tar_cuneiform_city
Tar:4:    layout_cathedral_of_symmetry
Tar:5:    layout_catacombs
Tar:6:    layout_grid_maze
Tar:7:    tar_mu [tar_mu_maze]
Pan:      rand_demon_2, layout_onion_city, pan_blood_fountain_2,
          nicolae_pan_hourglass, layout_stronghold, evilmike_mini_pan_thingy,
          layout_chambers, nicolae_pan_mnolegish_1, lom_lobon_grunt,
          layout_basic, evilmike_mnoleg_eyes, layout_cellular_growth,
          lemuel_hall_of_pain, layout_pan_divisions_a [pan_division_quadrant_a4,
          pan_division_quadrant_a5, pan_division_quadrant_a2,
          pan_division_quadrant_a3, pan_division_octagon_rings], uniq_lom_lobon,
          grunt_pan_spiral, layout_stronghold, pan_blood_fountain_small,
          gloorx_vloq, layout_irregular_city, pan_blood_fountain,
          evilmike_mini_pan_doors, layout_rooms, pan_blood_fountain_small,
          nicolae_pan_cerebovesque_2, evilmike_mini_pan_pillars, layout_basic,
          uniq_gloorx_vloq

Skill      XL: |  1  2  3  4  5  6  7  8  9 10 11 12 13 14 15 16 17 18 19 20 21 22 23 24 25 26 27 |
---------------+----------------------------------------------------------------------------------+-----
Dodging        | 3 4 5 7 8 9 10 11 12 13 14 15 16 17 18 19 20 | 20.0
Stealth        | 7 8 9 10 11 12 13 14 15 16 17 18 19 20 | 20.0
Unarmed Combat | 3 4 5 6 7 8 9 11 12 13 14 15 17 18 19 22 | 22.0
Invocations    | 1 3 4 5 7 8 10 9 | 10.0
Evocations     | 1 2 3 4 5 6 8 |  8.0
Fighting       | 4 5 7 8 9 10 11 12 13 14 15 16 18 19 22 | 22.0
Transmutations | 2 4 6 8 10 12 11 13 14 | 14.0
Spellcasting   | 2 4 7 8 9 10 12 14 15 16 17 21 | 21.7
Ice Magic      | 2 3 |  3.0
Summonings     | 1 |  1.0
Translocations | 1 2 4 5 |  5.0
Earth Magic    | 4 8 10 12 11 13 15 16 18 20 22 | 22.0
Conjurations   | 1 2 3 |  3.0
Necromancy     | 3 4 9 10 11 12 18 | 18.8
Hexes          | 12 | 12.0

Action                   |  1- 3 |  4- 6 |  7- 9 | 10-12 | 13-15 | 16-18 | 19-21 | 22-24 | 25-27 || total
-------------------------+-------+-------+-------+-------+-------+-------+-------+-------+-------++-------
Melee: Unarmed           |     7 |    99 |   455 |   726 |   527 |   488 |   616 |   472 |  1980 ||  5370
       Bite              |       |    11 |    69 |   104 |    71 |    87 |    97 |    92 |   326 ||   857
       Punch             |       |     2 |    17 |    50 |    32 |    60 |    77 |    63 |   309 ||   610
       Headbutt          |       |       |    20 |   158 |    16 |       |       |       |    35 ||   229
 Cast: Beastly Appendage |       |       |     8 |    46 |     7 |       |       |       |       ||    61
       Ice Form          |       |       |       |    19 |    15 |     2 |       |       |       ||    36
       Summon Small Mamm |       |       |       |    19 |     4 |       |       |       |    22 ||    45
       Apportation       |       |       |       |     2 |    48 |    83 |    84 |    53 |   171 ||   441
       Frozen Ramparts   |       |       |       |       |    10 |       |       |       |       ||    10
       Ozocubu's Armour  |       |       |       |       |     7 |       |       |       |       ||     7
       Summon Ice Beast  |       |       |       |       |     5 |       |       |       |       ||     5
       Statue Form       |       |       |       |       |    23 |    47 |    76 |    54 |   175 ||   375
       Irradiate         |       |       |       |       |     7 |    47 |    76 |    33 |   123 ||   286
       Blink             |       |       |       |       |     5 |   119 |    98 |    30 |   169 ||   421
       Iron Shot         |       |       |       |       |       |    12 |     3 |     3 |       ||    18
       Borgnjor's Vile C |       |       |       |       |       |    28 |    45 |    40 |    89 ||   202
       Passage of Golubr |       |       |       |       |       |    92 |   255 |   119 |   441 ||   907
       Passwall          |       |       |       |       |       |    16 |    15 |       |    41 ||    72
       Lesser Beckoning  |       |       |       |       |       |     5 |    10 |    15 |    36 ||    66
       Petrify           |       |       |       |       |       |       |     9 |    17 |    28 ||    54
       Lee's Rapid Decon |       |       |       |       |       |       |    13 |    40 |    89 ||   142
       Shatter           |       |       |       |       |       |       |       |    13 |    62 ||    75
       Necromutation     |       |       |       |       |       |       |       |     1 |    10 ||    11
       Call Imp          |       |       |       |       |       |       |       |       |    28 ||    28
       Invisibility      |       |       |       |       |       |       |       |       |    12 ||    12
Invok: Slouch            |       |       |       |     5 |    12 |     4 |     5 |     3 |    11 ||    40
       Step From Time    |       |       |       |       |     1 |       |     1 |     3 |     4 ||     9
       Temporal Distorti |       |       |       |       |       |       |     1 |       |       ||     1
 Abil: End Transformatio |       |       |       |     2 |     2 |     4 |       |     1 |    10 ||    19
       Evoke Invisibilit |       |       |       |       |       |     1 |       |     1 |       ||     2
       Evoke Flight      |       |       |       |       |       |       |       |       |     4 ||     4
Evoke: Wand              |     2 |     2 |    10 |    35 |    13 |    13 |     5 |     6 |    88 ||   174
       Phantom mirror    |       |       |       |     2 |     3 |       |     1 |       |     4 ||    10
       Tin of tremorston |       |       |       |       |       |     2 |     2 |     3 |     7 ||    14
       Condenser vane    |       |       |       |       |       |     2 |       |     1 |     9 ||    12
       Lightning rod     |       |       |       |       |       |     1 |     2 |       |     2 ||     5
       Figurine of a zig |       |       |       |       |       |       |       |     1 |       ||     1
       Phial of floods   |       |       |       |       |       |       |       |       |     1 ||     1
       Box of beasts     |       |       |       |       |       |       |       |       |     1 ||     1
  Use: Potion            |     1 |     1 |     8 |     9 |     6 |     2 |     5 |    12 |    28 ||    72
       Scroll            |       |       |    11 |    18 |    17 |    12 |    16 |    19 |    37 ||   130
 Stab: Sleeping          |       |     3 |    23 |    26 |    16 |    11 |    17 |     8 |    36 ||   140
       Distracted        |       |       |     1 |     4 |     3 |     3 |     3 |     4 |     9 ||    27
       Invisible         |       |       |     7 |       |       |     2 |       |     3 |    37 ||    49
       Paralysed         |       |       |       |     2 |     7 |     1 |     1 |       |     6 ||    17
       Petrified         |       |       |       |       |       |       |     2 |     5 |     5 ||    12
       Petrifying        |       |       |       |       |       |       |     3 |     2 |     8 ||    13
Armor: Skin              |     4 |    19 |    29 |    33 |   115 |   197 |   281 |   200 |   779 ||  1657
Dodge: Dodged            |     3 |    64 |   396 |   822 |   989 |  1327 |  1954 |  1359 |  5534 || 12448

Table legend: (Time is in decaauts)
 A = Elapsed time spent in this place.
 B = Non-inter-level travel time spent in this place.
 C = Inter-level travel time spent in this place.
 D = Time resting spent in this place.
 E = Time spent auto-exploring this place.
 F = Levels seen in this place.
 G = Mean time per level.
                   A        B        C        D        E       F      G
               +--------+--------+--------+--------+--------+-----+--------+
         Total |  46658 |  46297 |    361 |     22 |      0 | 105 |  444.4 |
       Dungeon |  11887 |  11593 |    294 |     13 |      0 |  15 |  792.5 |
        Temple |     73 |     73 |      0 |      0 |      0 |   1 |   73.0 |
          Lair |   2153 |   2153 |      0 |      0 |      0 |   6 |  358.8 |
         Swamp |    941 |    941 |      0 |      0 |      0 |   4 |  235.2 |
     Snake Pit |   1403 |   1403 |      0 |      0 |      0 |   4 |  350.8 |
    Slime Pits |    639 |    639 |      0 |      0 |      0 |   5 |  127.8 |
  Orcish Mines |   1839 |   1824 |     15 |      0 |      0 |   2 |  919.5 |
   Elven Halls |   2925 |   2873 |     52 |      0 |      0 |   3 |  975.0 |
        Vaults |   4275 |   4275 |      0 |      0 |      0 |   5 |  855.0 |
         Crypt |   1844 |   1844 |      0 |      0 |      0 |   3 |  614.7 |
          Tomb |   3001 |   3001 |      0 |      0 |      0 |   3 | 1000.3 |
        Depths |    964 |    964 |      0 |      0 |      0 |   3 |  321.3 |
          Hell |    712 |    712 |      0 |      0 |      0 |   1 |  712.0 |
           Dis |   2470 |   2470 |      0 |      0 |      0 |   6 |  411.7 |
       Gehenna |   1485 |   1485 |      0 |      9 |      0 |   7 |  212.1 |
       Cocytus |   2099 |   2099 |      0 |      0 |      0 |   6 |  349.8 |
      Tartarus |   2296 |   2296 |      0 |      0 |      0 |   7 |  328.0 |
   Pandemonium |   1642 |   1642 |      0 |      0 |      0 |  10 |  164.2 |
      Ziggurat |   1157 |   1157 |      0 |      0 |      0 |   9 |  128.6 |
       Ossuary |    314 |    314 |      0 |      0 |      0 |   1 |  314.0 |
      Ice Cave |    724 |    724 |      0 |      0 |      0 |   1 |  724.0 |
       Volcano |     94 |     94 |      0 |      0 |      0 |   1 |   94.0 |
        Wizlab |    422 |    422 |      0 |      0 |      0 |   1 |  422.0 |
    Desolation |   1287 |   1287 |      0 |      0 |      0 |   1 | 1287.0 |
               +--------+--------+--------+--------+--------+-----+--------+

Top non-repeatable levels by time:
    D:11: 1563 daAuts
   Tar:7: 1514 daAuts
   Dis:7: 1498 daAuts
Vaults:2: 1441 daAuts
   Elf:2: 1340 daAuts
  Tomb:1: 1326 daAuts
Desolation: 1287 daAuts
Vaults:3: 1244 daAuts
   Coc:7: 1186 daAuts
    D:14: 1170 daAuts
    D:10: 1152 daAuts
  Tomb:2: 1145 daAuts
   Orc:2: 1139 daAuts
Vaults:5: 1022 daAuts
 Crypt:3: 997 daAuts
